 Dungeon Crawl Stone Soup version 0.29.1-12-g30fa7ad0bf (webtiles) character file.

Game seed: 10666557632924274301

571 FexLirch the Cudgeller (level 7, -1/57 HPs)
             Began as a Meteoran Abyssal Knight on Dec 13, 2022.
             Was a Priest of Lugonu.
             Slain by an orc
             ... wielding a +0 flail
              (7 damage)
             ... on level 4 of the Dungeon.
             The game lasted 00:17:02 (1601 turns).

FexLirch the Cudgeller (Meteoran Abyssal Knight)    Turns: 1601, Time: 00:17:03

Health: -1/57      AC:  4    Str: 17    XL:     7   Next: 92%
Magic:  10/12      EV: 11    Int: 12    God:    Lugonu [***...]
Gold:   162        SH:  0    Dex: 14    Spells: 5/6 levels left

rFire   . . .      SeeInvis .   n - +2 hand axe (flame)
rCold   . . .      Faith    .   (no shield)
rNeg    . . .      Spirit   .   y - +0 leather armour {rPois}
rPois   +          Reflect  .   (no helmet)
rElec   .          Harm     .   (no cloak)
rCorr   .          Rampage  .   (no gloves)
Will    +....                   i - +0 pair of boots
Stlth   +.........              (no amulet)
HPRegen 0.19/turn               m - ring of willpower
MPRegen 0.13/turn               (no ring)

@: very slightly contaminated, hasted, glowing, very quick
A: sense surroundings 1, otherworldly, glowing, explore regen
a: Renounce Religion, Depart the Abyss, Bend Space, Banish


You were on level 4 of the Dungeon.
You worshipped Lugonu.
Lugonu was most pleased with you.
You visited 1 branch of the dungeon, and saw 5 of its levels.
You visited the Abyss 1 time.
You also visited: Sewer.

You collected 162 gold pieces.

Inventory:

Hand Weapons
 a - a +1 mace
 n - a +2 hand axe of flaming (weapon)
Missiles
 f - 5 boomerangs (quivered)
 g - 15 stones
 u - 5 poisoned darts
Armour
 b - a +0 leather armour
 i - a +0 pair of boots (worn)
 j - a +0 scale mail
 y - a +0 leather armour of poison resistance (worn)
Magical Staves
 p - a staff of air
Jewellery
 m - a ring of willpower (left hand)
Wands
 r - a wand of charming (4)
Scrolls
 d - 4 scrolls of identify {unknown}
 h - a scroll of poison {unknown}
 k - 2 scrolls of magic mapping
 l - a scroll of amnesia
 q - a scroll of butterflies {unknown}
 s - 2 scrolls of summoning {unknown}
 v - a scroll of blinking {unknown}
 w - a scroll of enchant armour {unknown}
Potions
 c - a potion of degeneration {unknown}
 e - 5 potions of haste
 o - a potion of brilliance {unknown}
 t - a potion of cancellation {unknown}
 x - a potion of flight {unknown}


   Skills:
 - Level 3.3 Fighting
 - Level 2.4(5.1) Axes
 + Level 7.8(8.0) Maces & Flails
 - Level 2.4 Armour
 - Level 1.2 Dodging
 + Level 6.4 Invocations


You had 5 spell levels left.
You knew the following spells:

 Your Spells              Type           Power      Damage    Failure   Level
a - Sting                 Tmut/Pois      0%         1d3       36%         1

Your spell library contained the following spells:

 Spells                   Type           Power      Damage    Failure   Level
 Poisonous Vapours        Pois/Air       0%         N/A       52%         2
 Tukima's Dance           Hex            0%         N/A       75%         3
 Olgreb's Toxic Radiance  Pois           0%         N/A       98%         4
 Passage of Golubria      Tloc           0%         N/A       98%         4
 Yara's Violent Unravell  Hex/Tmut       0%         3d3       100%        5


Dungeon Overview and Level Annotations

Branches:
Dungeon (5/15) Zot: 1725    Sewer (visited)
 Temple: D:4-7

Altars:

Shops:
D:2 *   D:3 (

Annotations:
D:5 Edmund


Innate Abilities, Weirdness & Mutations

You passively map a small area around you.
You are easily found by Zot.
You glow in the dark.
You regain HP and MP as you explore.


Message History

There is a stone staircase leading down here.
Casting: Sting (safe; 36% risk of failure)
Confirm with . or Enter, or press ? or * to list all spells.
Aiming: Sting (safe; 36% risk of failure)
Press: ? - help, Shift-Dir - straight line, f - orc
Aim: an orc, wielding a +0 flail (64% to hit)
You miscast Sting.
You are very lightly contaminated with residual magic.
Nothing appears to happen.
Casting: Sting (safe; 36% risk of failure)
Confirm with . or Enter, or press ? or * to list all spells.
You can't see any susceptible monsters within range! (Use Z to cast anyway.)
You are too injured to fight recklessly!
Throw: 5 boomerangs
Press: ? - help, Q - select action, (/) - cycle Shift-Dir - straight line, f/p - orc
Aim: an orc, wielding a +0 flail (59% to hit)
You throw a boomerang. The boomerang closely misses the orc.
Casting: Sting (safe; 36% risk of failure)
Confirm with . or Enter, or press ? or * to list all spells.
Aiming: Sting (safe; 36% risk of failure)
Press: ? - help, Shift-Dir - straight line, f/p - orc
Aim: an orc, wielding a +0 flail (64% to hit)
You miscast Sting.
Nothing appears to happen.
Casting: Sting (safe; 36% risk of failure)
Confirm with . or Enter, or press ? or * to list all spells.
Aiming: Sting (safe; 36% risk of failure)
Press: ? - help, Shift-Dir - straight line, f/p - orc
Aim: an orc, wielding a +0 flail (64% to hit)
The sting hits the orc.
The orc is poisoned.
The orc is lightly wounded.
You closely miss the orc.
The orc is lightly wounded.
You barely miss the orc.
The orc is lightly wounded.
The orc hits you with a +0 flail.
* * * LOW HITPOINT WARNING * * *
You closely miss the orc.
The orc is lightly wounded.
The orc hits you with a +0 flail!
You die...

##.#.# *##..#.#### * ,,,........#
* #..#.##.# ###
#.####..#.##.########.#######
.......#.##................#
#..##...#.............#* #.#
...................##.# #.#
.......).......@o..##.# #.#
#..##.....##..###..##o# #.# .
.#.....##..###..##.# #.#### *
.................##.# #.....
...#.....##.>###..##.#####.#.†.
,*.........##.......##>......#.##
.........###.###.###.......#... ,
........###.###.# #.......#..#
..##............# #..<....##.#


You could see an orc (poisoned).

Vanquished Creatures
  Eustachio (D:4)
  An ogre (D:4)
  A kobold brigand (Sewer)
  2 jellies
  2 iguanas (D:4)
  Terence (D:3)
  4 adders
  5 river rats (Sewer)
  An ufetubus (D:4)
  A worm (D:2)
  4 orcs
  7 ball pythons
  5 bats
  2 endoplasms
  4 giant cockroaches
  4 goblins
  3 hobgoblins
  9 jackals
  10 frilled lizards
  6 kobolds
  16 rats
89 creatures vanquished.

Vanquished Creatures (others)
  22 plants
  9 withered plants (D:1)
31 creatures vanquished.

Grand Total: 120 creatures vanquished

Notes
Turn   | Place    | Note
-------+----------+-------------------------------------------
     0 | Abyss:1  | FexLirch the Meteoran Abyssal Knight began the quest for
                  | the Orb.
     0 | Abyss:1  | Reached XP level 1. HP: 19/19 MP: 3/3
     0 | Abyss:1  | Found a corrupted altar of Lugonu.
    55 | Abyss:1  | Noticed a sixfirhy
    56 | D:1      | Escaped the Abyss
   174 | D:1      | Found a faded altar of an unknown god.
   215 | D:1      | Reached skill level 3 in Maces & Flails
   225 | D:1      | Reached XP level 2. HP: 22/26 MP: 4/4
   330 | D:1      | Reached skill level 4 in Maces & Flails
   343 | D:1      | Reached XP level 3. HP: 31/31 MP: 5/5
   352 | D:1      | Learned a level 1 spell: Sting
   380 | D:2      | Found Qaul's Assorted Antiques.
   522 | D:3      | Noticed Terence
   535 | D:3      | Killed Terence
   536 | D:3      | Reached XP level 4. HP: 16/38 MP: 4/6
   641 | D:3      | Found Voanwou's Weapon Shop.
   673 | D:3      | Found a glowing drain.
   691 | Sewer    | Entered a sewer
   734 | Sewer    | Reached *** piety under Lugonu
   774 | Sewer    | Reached skill level 5 in Maces & Flails
   780 | Sewer    | Reached XP level 5. HP: 22/45 MP: 6/8
   892 | Sewer    | Noticed a kobold brigand
   905 | Sewer    | Killed a kobold brigand
   906 | Sewer    | Reached skill level 6 in Maces & Flails
   906 | Sewer    | Reached XP level 6. HP: 41/51 MP: 6/10
  1239 | D:4      | Noticed Eustachio
  1251 | D:4      | Killed Eustachio
  1252 | D:4      | Reached skill level 5 in Invocations
  1252 | D:4      | Reached XP level 7. HP: 54/57 MP: 11/11
  1355 | D:4      | Reached skill level 7 in Maces & Flails
  1454 | D:5      | Entered Level 5 of the Dungeon
  1557 | D:5      | Noticed Edmund
  1601 | D:4      | Slain by an orc

Illustrated notes

Levels and vault maps discovered:
D:1:      dpeg_arrival_snail, layout_loops_ring,
          shapermc_ecumenical_altar_flowoftime, amethyst_killhole,
          minmay_rat_gold_closets
D:2:      layout_loops_ring, serial_shops, nicolae_shop_hallway_stairs,
          dreamdust_princess_bridge, due_unseen_surprise
D:3:      layout_basic, cheibrodos_sewer_entry_drain, serial_shops,
          nicolae_shop_crystal, serial_bayou_pond_d, uniq_grinder, uniq_terence
D:4:      minmay_evil_eye, layout_basic, grunt_temple_overflow_diamond,
          uniq_eustachio
D:5:      layout_gridville, uniq_edmund

Skill      XL: |  1  2  3  4  5  6  7 |
---------------+----------------------+-----
Maces & Flails | 3 4 5 6 7 |  7.8
Axes           | 2 |  2.4
Invocations    | 4 5 6 |  6.4
Fighting       | |  3.3
Armour         | |  2.4
Dodging        | |  1.2

Action                   |  1- 3 |  4- 6 |  7- 9 || total
-------------------------+-------+-------+-------++-------
Melee: Mace              |    54 |       |       ||    54
       Hand axe          |    14 |   121 |    62 ||   197
       Punch             |       |       |     1 ||     1
Throw: Boomerang         |       |     3 |     3 ||     6
       Dart              |       |     1 |     3 ||     4
 Cast: Sting             |     4 |    10 |    10 ||    24
Invok: Depart the Abyss  |     1 |       |       ||     1
       Bend Space        |       |     1 |     1 ||     2
  Use: Scroll            |       |     2 |       ||     2
       Potion            |       |       |     1 ||     1
Armor: Leather armour    |    34 |    38 |     9 ||    81
Dodge: Dodged            |    34 |    55 |    21 ||   110
